 Dungeon Crawl Stone Soup version 0.25.1-2-g60ff931df9 (webtiles) character file.

Game seed: 13652040951384677399

21438 hawla the Carver (level 12, 0/106 HPs)
             Began as a Minotaur Fighter on Oct 19, 2020.
             Was an Initiate of Gozag.
             Slain by a redback (10 damage)
             ... summoned by a deep elf mage
             ... on level 13 of the Dungeon.
             The game lasted 00:46:40 (16557 turns).

hawla the Carver (Minotaur Fighter)                Turns: 16557, Time: 00:46:40

Health: 0/106      AC: 21    Str: 25    XL:     12   Next: 54%
Magic:  11/11      EV: 16    Int:  5    God:    Gozag
Gold:   1242       SH:  0    Dex: 11    Spells: 11/11 levels left

rFire    + . .     SeeInvis .   m - +3 great sword of Intuition {venom, rN+}
rCold    . . .     Gourm    .   (shield currently unavailable)
rNeg     + . .     Faith    .   p - +2 plate armour {rF+}
rPois    .         Spirit   .   (helmet restricted)
rElec    .         Reflect  .   H - +0 cloak
rCorr    +         Harm     .   (no gloves)
MR       .....                  I - +1 pair of boots {run}
Stlth    ..........             (no amulet)
HPRegen  0.27/turn              l - +4 ring of evasion
MPRegen  0.12/turn              y - ring of resist corrosion

@: quick
A: retaliatory headbutt, horns 2
a: Potion Petition, Call Merchant, Bribe Branch, Renounce Religion


You were on level 13 of the Dungeon.
You worshipped Gozag.
Gozag was most pleased with you.
You were hungry.

You visited 3 branches of the dungeon, and saw 16 of its levels.
You visited the Abyss 1 time.

You collected 3105 gold pieces.
You spent 1686 gold pieces at shops.
You paid 177 gold pieces to Gozag.

Inventory:

Hand Weapons
 a - a +1 dagger of electrocution
 m - the +3 great sword of Intuition (weapon) {venom, rN+}
   (You found it on level 11 of the Dungeon)

   It poisons the flesh of those it strikes.
   It protects you from negative energy.
 z - the +5 whip of Koejo {flame, *Noise rC++ Dex+7}
   (You found it on level 5 of the Dungeon)

   It has been specially enchanted to burn those struck by it, causing extra
   injury to most foes and up to half again as much damage against particularly
   susceptible opponents.
   It affects your dexterity (+7).
   It greatly protects you from cold.
   It may make noises in combat.
Missiles
 i - 50 poisoned darts
 t - 52 boomerangs (quivered)
 x - 7 atropa-tipped darts
Armour
 p - a +2 plate armour of fire resistance (worn)
 H - a +0 cloak (worn)
 I - a +1 pair of boots of running (worn)
Jewellery
 d - a +4 ring of evasion
 l - a +4 ring of evasion (left hand)
 v - a +4 ring of protection
 y - a ring of resist corrosion (right hand)
Wands
 e - a wand of acid (2)
 A - a wand of paralysis (6)
 C - a wand of iceblast (2)
 D - a wand of digging (5)
 J - a wand of enslavement (12)
Scrolls
 b - a scroll of remove curse
 c - 2 scrolls of amnesia
 j - a scroll of silence
 k - a scroll of magic mapping
 n - a scroll of blinking
 G - 2 scrolls of identify
 M - 3 scrolls of fear
 N - a scroll of fog
Potions
 g - a potion of flight
 h - a potion of magic
 o - 2 potions of stabbing
 q - a potion of heal wounds
 r - 2 potions of cancellation
 s - 8 potions of curing
 w - a potion of resistance
 R - a potion of lignification
 S - a potion of might
 T - 2 potions of haste
Miscellaneous
 B - a tin of tremorstones (3/3)
Comestibles
 f - 9 rations


   Skills:
 + Level 10.2 Fighting
 + Level 3.3(8.8) Short Blades
 + Level 13.3(13.5) Long Blades
 + Level 5.6 Maces & Flails
 + Level 3.2 Throwing
 + Level 12.3 Armour
 * Level 10.4 Dodging
 + Level 3.3 Stealth
   Level 3.6 Shields
 + Level 1.2 Evocations


You had 11 spell levels left.
You didn't know any spells.
Your spell library was empty.

Dungeon Overview and Level Annotations

Branches:
Dungeon (13/15)            Temple (1/1) D:5            Lair (0/6) D:11
    Orc (2/2) D:10            Elf (0/3) Orc:2
 Vaults: D:13-14

Altars:
Ashenzari
Cheibriados
Dithmenos
Elyvilon
Fedhas
Gozag
Hepliaklqana
Kikubaaqudgha
Makhleb
Nemelex Xobeh
Okawaru
Qazlal
Ru
Sif Muna
Trog
Uskayaw
Vehumet
Wu Jian
Xom
Yredelemnul
Zin
The Shining One

Shops:
Orc:2 [?[!

Annotations:
D:7 2 runed translucent doors, exclusion: orange crystal statue
D:11 2 runed translucent doors


Innate Abilities, Weirdness & Mutations

You reflexively headbutt those who attack you in melee.
You have a pair of horns on your head.


Message History

* * * LOW HITPOINT WARNING * * *
The tengu conjurer mumbles some strange words.
Found a stone staircase leading down.
A battlesphere comes into view.
The skeletal warrior misses you. 2 skeletal warriors come into view.
A cyclops comes into view.
The redback closely misses you. You furiously retaliate!
You headbutt the redback, but do no damage.
A skeletal warrior comes into view.
It is wielding a +2 war axe of electrocution.
The sixfirhy hits you but does no damage.
The redback barely misses you.
You riposte.
You closely miss the redback. The sixfirhy closely misses you.
You furiously retaliate!
You headbutt the sixfirhy!
There is a stone staircase leading up here.
The skeletal warrior hits you with a +0 long sword!!
* * * LOW HITPOINT WARNING * * *
The tengu conjurer mumbles some strange words.
The tengu conjurer blinks!
The redback bites you!
You die...
Your body crumbles into a pile of gold.

#.5≈≈≈lr5#
#......#J#
#..#..##.#
#.###..#.#### #..
##.#.3..# ### #.
#.####.## ...#
#.#####....z..#....#
........####§z..#
#.#####..#@3*.#.....
.....z.zz.s####..#>
.#####.........#...
#...........##..
#.#.............
...#.........#.
#.............#
..#############


You could see 4 skeletal warriors, a sixfirhy (summoned), a redback (summoned)
and a battlesphere.

Vanquished Creatures
  2 hydras (D:11)
  4 two-headed ogres
  A skeletal warrior (D:11)
  An unseen horror (D:11)
  2 orc knights (Orc:1)
  A deep elf mage (D:13)
  2 ugly things (D:11)
  2 cyclopes (D:12)
  Psyche (D:10)
  7 trolls
  3 slime creatures (D:13)
  Prince Ribbit (D:6)
  A hornet (shapeshifter) (D:13)
  2 centaur simulacra (D:7)
  A wyvern (D:12)
  2 hungry ghosts (D:10)
  4 wargs (Orc:1)
  A water moccasin (D:10)
  Duvessa (D:5)
  An acid dragon (D:12)
  33 orc warriors
  5 ice beasts
  2 sky beasts (D:10)
  3 phantoms
  8 ogres
  A wolf (D:13)
  15 centaurs
  2 crocodiles
  2 big kobolds
  6 bullfrogs
  Dowan (D:5)
  2 scorpions
  4 killer bees (D:11)
  5 wights (D:10)
  5 howler monkeys
  A crimson imp (D:11)
  3 centaur zombies
  11 orc priests
  3 hounds
  5 jellies
  6 bullfrog skeletons
  10 orc wizards
  2 centaur skeletons
  Ijyb (D:5)
  Natasha (thrice) (D:4)
  9 iguanas
  9 worker ants
  A hound zombie (D:5)
  2 worker ant zombies
  4 gnolls (D:10)
  11 adders
  4 shadow imps
  An ufetubus (D:13)
  An ooze (D:5)
  2 adder skeletons
  2 adder zombies (D:7)
  4 worms
  A dart slug (D:1)
  6 leopard geckos
  56 orcs
  A ball python (D:3)
  3 bats
  6 giant cockroaches
  A hobgoblin (D:3)
  8 jackals
  5 quokkas
  3 frilled lizards
  2 gnoll zombies (D:2)
  3 goblins
  A jackal skeleton (D:8)
  12 kobolds
  A leopard gecko skeleton (D:4)
  A quokka skeleton (D:5)
  A quokka zombie (D:6)
340 creatures vanquished.

Vanquished Creatures (collateral kills)
  An orc wizard (D:6)
1 creature vanquished.

Vanquished Creatures (others)
  An orc (Orc:2)
1 creature vanquished.

Grand Total: 342 creatures vanquished

Notes
Turn   | Place    | Note
-------+----------+-------------------------------------------
     0 | D:1      | hawla the Minotaur Fighter began the quest for the Orb.
     0 | D:1      | Reached XP level 1. HP: 19/19 MP: 0/0
   346 | D:1      | Reached XP level 2. HP: 27/27 MP: 1/1
  1001 | D:2      | Reached XP level 3. HP: 33/33 MP: 2/2
  1493 | D:2      | Found a basalt altar of Yredelemnul.
  1818 | D:3      | Reached skill level 3 in Long Blades
  2187 | D:3      | Found a shimmering blue altar of Sif Muna.
  2262 | D:4      | Reached skill level 1 in Dodging
  2262 | D:4      | Reached XP level 4. HP: 41/41 MP: 3/3
  2298 | D:4      | Noticed a phantom
  2322 | D:4      | Killed a phantom
  2322 | D:4      | Reached skill level 4 in Long Blades
  2322 | D:4      | Reached skill level 5 in Armour
  2322 | D:4      | Reached XP level 5. HP: 40/47 MP: 4/4
  2469 | D:4      | Noticed Natasha
  2476 | D:4      | Killed Natasha
  2697 | D:4      | Noticed Natasha
  2701 | D:4      | Killed Natasha
  2701 | D:4      | Reached XP level 6. HP: 53/53 MP: 5/5
  2878 | D:4      | Noticed Natasha
  2887 | D:4      | Killed Natasha
  3158 | D:5      | Entered Level 5 of the Dungeon
  3237 | D:5      | Found a staircase to the Ecumenical Temple.
  3254 | D:5      | Reached skill level 5 in Long Blades
  3255 | D:5      | Noticed Duvessa
  3255 | D:5      | Noticed Dowan
  3288 | D:5      | Killed Dowan
  3292 | D:5      | Killed Duvessa
  3292 | D:5      | Reached XP level 7. HP: 41/60 MP: 6/6
  3316 | Temple   | Entered the Ecumenical Temple
  3443 | D:5      | Reached skill level 1 in Short Blades
  3605 | D:5      | Reached skill level 5 in Fighting
  3665 | D:5      | Reached skill level 6 in Long Blades
  3685 | D:5      | Got an ancient whip
  3686 | D:5      | Identified the +5 whip of Koejo {flame, *Noise rC++ Dex+7}
                  | (You found it on level 5 of the Dungeon)
  3906 | D:5      | Noticed Ijyb
  3917 | D:5      | Killed Ijyb
  4033 | D:6      | Reached skill level 1 in Maces & Flails
  4033 | D:6      | Reached skill level 5 in Dodging
  4033 | D:6      | Reached XP level 8. HP: 48/68 MP: 7/7
  4041 | D:6      | Noticed Prince Ribbit
  4056 | D:6      | Killed Prince Ribbit
  4115 | D:6      | Reached skill level 7 in Long Blades
  4439 | D:6      | Got a pitted chain mail
  4450 | D:6      | Identified the +7 chain mail "Gufen" {rCorr MP+9 Str-4}
                  | (You found it on level 6 of the Dungeon)
  4691 | D:6      | Reached skill level 1 in Stealth
  5152 | D:7      | Found a runed translucent door.
  5157 | D:7      | Found the +10 tower shield of Ignorance {rN+ Int-4}
  5184 | D:7      | Found a runed translucent door.
  5184 | D:7      | Noticed an orange crystal statue
  5303 | D:7      | Found a transporter.
  5392 | D:7      | Reached XP level 9. HP: 75/75 MP: 8/8
  5479 | D:7      | Found a transporter.
  5711 | D:7      | Reached skill level 8 in Long Blades
  5918 | D:8      | Noticed a two-headed ogre
  5925 | D:8      | Killed a two-headed ogre
  6223 | D:8      | Reached skill level 9 in Long Blades
  7122 | D:9      | Noticed a troll
  7144 | D:9      | Killed a troll
  7575 | D:9      | Found a hazy altar of Hepliaklqana.
  7575 | D:9      | Found an opulent altar of Gozag.
  7579 | D:9      | Became a worshipper of Gozag Ym Sagoz the Greedy
  7738 | D:9      | Reached XP level 10. HP: 84/84 MP: 9/9
  7990 | D:10     | Entered Level 10 of the Dungeon
  7990 | D:10     | Noticed a two-headed ogre
  8001 | D:10     | Killed a two-headed ogre
  8010 | D:10     | Reached skill level 10 in Long Blades
  8168 | D:10     | Found a shimmering altar of Xom.
  8417 | D:10     | Noticed Psyche
  8423 | D:10     | Cast into level 1 of the Abyss (Psyche)
  8443 | D:10     | Escaped the Abyss
  8461 | D:10     | Killed Psyche
  8461 | D:10     | Reached skill level 1 in Throwing
  8808 | D:10     | Found a staircase to the Orcish Mines.
  9209 | D:7      | Reached skill level 11 in Long Blades
  9556 | D:7      | Identified a +1 pair of boots of running (You found it on
                  | level 7 of the Dungeon)
  9743 | D:11     | Found a staircase to the Lair.
  9779 | D:11     | Noticed a purple ugly thing
  9781 | D:11     | Noticed a red ugly thing
  9796 | D:11     | Killed a purple ugly thing
  9796 | D:11     | Reached skill level 10 in Armour
  9814 | D:11     | Killed a red ugly thing
  9814 | D:11     | Reached XP level 11. HP: 18/94 MP: 10/10
  9852 | D:11     | Noticed a two-headed ogre
 10335 | D:11     | Killed an unseen horror
 10335 | D:11     | Reached skill level 5 in Maces & Flails
 10530 | D:11     | Noticed an eight-headed hydra
 10530 | D:11     | Noticed a seven-headed hydra
 10530 | D:11     | Noticed a skeletal warrior
 10531 | D:11     | Noticed a two-headed ogre
 10831 | Orc:1    | Entered Level 1 of the Orcish Mines
 11255 | Orc:1    | Noticed an orc knight
 11286 | Orc:1    | Killed an orc knight
 11565 | Orc:1    | Found a burning altar of Makhleb.
 11715 | Orc:2    | Entered Level 2 of the Orcish Mines
 11966 | Orc:2    | Reached skill level 12 in Long Blades
 11991 | Orc:2    | Reached skill level 1 in Evocations
 12179 | Orc:2    | Noticed an orc knight
 12467 | Orc:1    | Killed an orc knight
 13762 | Orc:2    | Found a staircase to the Elven Halls.
 14089 | Orc:2    | Found Jeut's Armour Shop.
 14089 | Orc:2    | Found Xojilayf's Magic Scroll Emporium.
 14091 | Orc:2    | Found Yduarod's Antique Armour Shoppe.
 14093 | Orc:2    | Found Asiyteel's Distillery.
 14097 | Orc:2    | Bought a +2 plate armour of fire resistance for 560 gold
                  | pieces
 14098 | Orc:2    | Bought a scroll of fear for 49 gold pieces
 14098 | Orc:2    | Bought a scroll of fear for 49 gold pieces
 14098 | Orc:2    | Bought a scroll of fog for 28 gold pieces
 14098 | Orc:2    | Bought a scroll of vulnerability for 105 gold pieces
 14098 | Orc:2    | Bought a scroll of blinking for 105 gold pieces
 14098 | Orc:2    | Bought a scroll of identify for 28 gold pieces
 14098 | Orc:2    | Bought a scroll of identify for 28 gold pieces
 14100 | Orc:2    | Bought a warped scale mail for 216 gold pieces
 14105 | Orc:2    | Bought 2 potions of lignification for 84 gold pieces
 14105 | Orc:2    | Bought a potion of might for 56 gold pieces
 14105 | Orc:2    | Bought a potion of curing for 42 gold pieces
 14105 | Orc:2    | Bought a potion of curing for 42 gold pieces
 14105 | Orc:2    | Bought a potion of haste for 140 gold pieces
 14105 | Orc:2    | Bought a potion of haste for 140 gold pieces
 14105 | Orc:2    | Bought a potion of degeneration for 14 gold pieces
 14432 | D:11     | Found a large runed translucent door.
 14432 | D:11     | Found a large runed translucent door.
 14463 | D:11     | Killed a skeletal warrior
 14475 | D:11     | Killed a seven-headed hydra
 14475 | D:11     | Reached XP level 12. HP: 45/106 MP: 11/11
 14524 | D:10     | Killed a two-headed ogre
 14524 | D:10     | Reached skill level 10 in Dodging
 14994 | D:11     | Killed an eight-headed hydra
 15171 | D:11     | Got a masterwork great sword
 15172 | D:11     | Identified the +3 great sword of Intuition {venom, rN+}
                  | (You found it on level 11 of the Dungeon)
 15318 | Temple   | Identified the cursed +1 scale mail of the Unseen Realm
                  | {rC- Str+4 Stlth+} (You bought it in a shop on level 2 of
                  | the Orcish Mines)
 15539 | D:12     | Noticed a two-headed ogre
 15569 | D:12     | Killed a two-headed ogre
 15569 | D:12     | Reached skill level 10 in Fighting
 15917 | D:12     | Reached skill level 13 in Long Blades
 16557 | D:13     | Slain by a redback

Illustrated notes

Levels and vault maps discovered:
D:1:      eino_arrival_cavern_d, layout_loops_ring
D:2:      layout_loops_ring, lemuel_zombie_altar_yredelemnul,
          kennysheep_cluttered_room
D:3:      layout_loops_cross, nicolae_overflow_hidden_temple, grunt_decor_cap,
          chequers_serial_rivers_micro_c, minmay_close_crescents
D:4:      layout_basic, minmay_quadrilaterals, uniq_natasha
D:5:      layout_basic, minmay_temple_entry_ruins, first_ration, uniq_duvessa,
          uniq_ijyb
D:6:      layout_cave_pools, uniq_prince_ribbit1
D:7:      gammafunk_cloud_chamber, layout_loops_ring,
          chequers_guarded_unrand_ignorance
D:8:      layout_layer_cave
D:9:      layout_basic, gammafunk_temple_overflow_elements
D:10:     layout_gridville, orc_0_dummy, basic_altar, uniq_psyche
D:11:     layout_basic, lair_entry_dummy, david_nohive_1, jmf_multi_god_temple2,
          uniq_grum
D:12:     layout_loops_ring
D:13:     layout_rooms, serial_ice, serial_ice_o, serial_ice_i, serial_ice_a,
          serial_ice_m, minmay_the_grid_2x2 [minmay_the_grid_tiny_cups,
          minmay_the_grid_fan, minmay_the_grid_large_cup,
          minmay_the_grid_prize_big_room], uniq_azrael
Temple:   nicolae_temple_no_exploring_needed
Orc:1:    layout_diamond_mine, basic_altar
Orc:2:    st_orc_rangers, layout_caves

Skill      XL: |  1  2  3  4  5  6  7  8  9 10 11 12 |
---------------+-------------------------------------+-----
Fighting       | 4 5 6 8 9 10 | 10.2
Armour         | 4 5 6 7 8 10 11 12 | 12.3
Long Blades    | 3 4 5 6 7 9 11 12 13 | 13.3
Dodging        | 1 2 3 5 6 7 8 9 10 | 10.4
Short Blades   | 1 2 3 |  3.3
Maces & Flails | 1 3 4 5 |  5.6
Stealth        | 1 2 3 |  3.3
Throwing       | 1 2 3 |  3.2
Evocations     | 1 |  1.2
Shields        | |  3.6

Action                   |  1- 3 |  4- 6 |  7- 9 | 10-12 || total
-------------------------+-------+-------+-------+-------++-------
Melee: Long sword        |    64 |       |       |       ||    64
       Headbutt          |    11 |    14 |    64 |   207 ||   296
       Falchion          |     5 |    54 |   186 |   451 ||   696
       Rapier            |       |    41 |       |       ||    41
       Whip              |       |       |    24 |    48 ||    72
       Dagger            |       |       |    48 |    54 ||   102
       Great sword       |       |       |       |   100 ||   100
Throw: Dart              |       |       |       |    24 ||    24
       Boomerang         |       |       |       |    19 ||    19
Evoke: Wand              |       |       |       |    12 ||    12
  Use: Scroll            |     5 |       |     8 |     9 ||    22
       Potion            |       |       |     2 |     6 ||     8
 Stab: Invisible         |       |       |       |     2 ||     2
       Distracted        |       |       |       |     3 ||     3
  Eat: Chunk             |     4 |     3 |    11 |       ||    18
       Ration            |       |       |     1 |    10 ||    11
Armor: Scale mail        |    23 |       |       |       ||    23
       Ring mail         |     9 |    53 |    16 |       ||    78
       Robe              |       |       |     6 |       ||     6
       Chain mail        |       |       |    48 |   173 ||   221
       Plate armour      |       |       |       |    93 ||    93
Dodge: Dodged            |    30 |    74 |   191 |   743 ||  1038
       Rpst.: Long sword |     6 |       |       |       ||     6
       Falchion          |       |    10 |    46 |    96 ||   152
       Great sword       |       |       |       |    27 ||    27
